 Dungeon Crawl Stone Soup version 0.22-a0-410-g97be04f (webtiles) character file.

142 iamserjio the Magician (level 5, -3/52 HPs)
             Began as a Barachi Wizard on May 11, 2018.
             Slain by whitenoisemaker's ghost (5 damage)
             ... on level 3 of the Dungeon.
             The game lasted 00:09:46 (3876 turns).

iamserjio the Magician (Barachi Wizard)             Turns: 3876, Time: 00:09:47

Health: -3/52      AC:  3    Str: 19    XL:     5   Next: 24%
Magic:  6/11       EV: 12    Int: 19    God:
Gold:   135        SH:  0    Dex: 11    Spells: 1/12 levels left

rFire    . . .     SeeInvis .   t - +0 short sword
rCold    . . .     Gourm    .   (no shield)
rNeg     . . .     Faith    .   a - +0 robe
rPois    .         Spirit   .   b - +0 hat
rElec    .         Reflect  .   m - +0 cloak
rCorr    .         Harm     .   (no gloves)
MR       .....                  (no boots)
Stlth    ..........             (no amulet)
HPRegen  0.17/turn              k - +6 ring of strength
MPRegen  0.12/turn              q - ring of stealth

@: berserking, lethally poisoned (-3 -> -16), very slightly contaminated, quick
A: +LOS, swims, slowness 1, strong legs 1
a: Hop


You were on level 3 of the Dungeon.
You were not hungry.

You visited 1 branch of the dungeon, and saw 3 of its levels.

You collected 135 gold pieces.

Inventory:

Hand Weapons
 c - a +0 hand axe
 e - a +0 spear
 t - a +0 short sword (weapon)
Armour
 a - a +0 robe (worn)
 b - a +0 hat (worn)
 m - a +0 cloak (worn)
Jewellery
 h - an uncursed ring of resist corrosion
 j - an uncursed ring of wizardry
 k - a +6 ring of strength (left hand)
 q - a ring of stealth (right hand)
Scrolls
 f - a scroll of magic mapping
 v - a scroll of amnesia
Potions
 g - 2 potions of resistance {unknown}
 i - a potion of haste {unknown}
 l - a potion of berserk rage
 n - a potion of curing {unknown}
 o - a potion of agility {unknown}
 s - a potion of invisibility {unknown}
 u - a potion of might {unknown}
Comestibles
 d - 5 rations
 w - 2 chunks of flesh


   Skills:
 - Level 2.6 Dodging
 - Level 2.2 Stealth
 + Level 4.2 Spellcasting
 * Level 3.8 Conjurations
 - Level 1.2 Summonings
 - Level 1.1 Translocations
 * Level 0.5 Fire Magic


You had one spell level left.
You knew the following spells:

 Your Spells              Type           Power        Failure   Level  Hunger
a - Magic Dart            Conj           ###.         2%          1    None
b - Call Imp              Summ           #.......     12%         2    #......
c - Blink                 Tloc           N/A          13%         2    #......
d - Conjure Flame         Conj/Fire      ##......     16%         3    ###....
e - Mephitic Cloud        Conj/Pois/Air  #.......     24%         3    ###....


Dungeon Overview and Level Annotations

Branches:
Dungeon (3/15)

Altars:
Makhleb
Qazlal
Wu Jian

Annotations:
D:3 Robin; whitenoisemaker's ghost, amateur DrTm


Innate Abilities, Weirdness & Mutations

Shadows flee at your approach. (+LOS)
You can swim through water.
You cover ground slowly.
You can hop short distances.


Message History

You hit whitenoisemaker's ghost.
Whitenoisemaker's ghost is severely damaged.
The goblin hits you but does no damage.
You are poisoned.
Robin roars a battlecry!
You puncture whitenoisemaker's ghost!
Whitenoisemaker's ghost is almost destroyed.
You feel sick. The hobgoblin completely misses you.
Whitenoisemaker's ghost hits you but does no damage.
The goblin hits you with a dagger of venom.
* * * LOW HITPOINT WARNING * * *
You are more poisoned.
A goblin comes into view.
You barely miss whitenoisemaker's ghost.
Whitenoisemaker's ghost is almost destroyed.
* * * LOW HITPOINT WARNING * * *
You feel sick. The hobgoblin hits you.
* * * LOW HITPOINT WARNING * * *
Whitenoisemaker's ghost hits you.
You die...

# # #########
#... ..# #.#
#.# ..#
#.###########
..#
#........W@g#
..#
#.#########g#
..#####.# g#
....W.W.# .#
######### g#
g# g# g# .#


You could see Robin, whitenoisemaker's ghost, a hobgoblin and 5 goblins.

Vanquished Creatures
  5 adders (D:2)
  3 worms (D:2)
  3 dart slugs
  2 leopard geckos
  An orc (D:3)
  A giant cockroach (D:3)
  4 hobgoblins
  14 jackals
  4 quokkas
  A ball python (D:2)
  5 bats
  5 frilled lizards
  9 goblins
  10 kobolds
  16 rats
83 creatures vanquished.

Notes
Turn   | Place    | Note
-------+----------+-------------------------------------------
     0 | D:1      | iamserjio the Barachi Wizard began the quest for the Orb.
     0 | D:1      | Reached XP level 1. HP: 13/13 MP: 4/4
   332 | D:1      | Reached XP level 2. HP: 19/19 MP: 6/6
  1242 | D:2      | Learned a level 2 spell: Call Imp
  1245 | D:2      | Learned a level 2 spell: Blink
  1422 | D:1      | Reached XP level 3. HP: 18/24 MP: 4/8
  2032 | D:2      | Reached XP level 4. HP: 29/30 MP: 1/9
  2490 | D:2      | Noticed an earth elemental
  2492 | D:2      | Found a stormy altar of Qazlal.
  2497 | D:2      | Noticed an air elemental
  2497 | D:2      | Noticed a fire elemental
  2498 | D:2      | Noticed a water elemental
  2549 | D:2      | Reached skill level 4 in Spellcasting
  2783 | D:2      | Found a burning altar of Makhleb.
  3141 | D:2      | Reached XP level 5. HP: 35/35 MP: 1/11
  3265 | D:2      | Found an ornate altar of the Wu Jian Council.
  3358 | D:3      | Learned a level 3 spell: Conjure Flame
  3362 | D:3      | Learned a level 3 spell: Mephitic Cloud
  3812 | D:3      | Noticed whitenoisemaker's ghost (amateur DrTm)
  3861 | D:3      | Noticed Robin
  3876 | D:3      | HP: 2/52 [hobgoblin[Robin] (4)]
  3876 | D:3      | Slain by whitenoisemaker's ghost

Vault maps used:
D:1:      lightli_arrival_chessboard
D:2:      nicolae_overflow_hidden_temple, marbit_many_paths,
          nicolae_qazlal_style_of_elements, kennysheep_generic_room_7
D:3:      nemelex_xobeh_ov_fountains_minmay, uniq_crazy_yiuf_cottage, uniq_robin

Skill      XL: |  1  2  3  4 |
---------------+-------------+-----
Stealth        | 2 |  2.2
Conjurations   | 2 3 |  3.8
Spellcasting   | 4 |  4.2
Dodging        | |  2.6
Summonings     | |  1.2
Translocations | |  1.1
Fire Magic     | |  0.5

Action                   |  1- 3 |  4- 6 || total
-------------------------+-------+-------++-------
Melee: Spear             |    72 |    32 ||   104
       Hand axe          |     3 |       ||     3
       Short sword       |       |    18 ||    18
 Cast: Magic Dart        |    70 |    99 ||   169
       Conjure Flame     |       |     2 ||     2
 Abil: Hop               |     1 |       ||     1
  Use: Scroll            |       |     4 ||     4
       Potion            |       |     2 ||     2
 Stab: Sleeping          |     1 |     2 ||     3
  Eat: Chunk             |     4 |     6 ||    10
Armor: Robe              |    34 |    14 ||    48
Dodge: Dodged            |    76 |    62 ||   138

Table legend:
 A = Spawn XP
 B = Non-spawn XP
 C = Spawn XP percentage of total XP
 D = Spawn monster count
 E = Non-spawn monster count
 F = Spawn count percentage of total count
 G = Total turns spent on level
                    A         B        C        D         E        F      G
               +---------+---------+-------+---------+---------+-------+---------
         Total |       0 |     203 |   0.0 |       0 |      83 |   0.0 |  3876
               +---------+---------+-------+---------+---------+-------+---------
           D:1 |       0 |      39 |   0.0 |       0 |      27 |   0.0 |  1757
           D:2 |       0 |     127 |   0.0 |       0 |      35 |   0.0 |  1585
           D:3 |       0 |      37 |   0.0 |       0 |      21 |   0.0 |   534
               +---------+---------+-------+---------+---------+-------+---------
